 Dungeon Crawl Stone Soup version 0.23-a0-558-g30802b1 (webtiles) character file.

44710 Firecrotchwizard the Fighter (level 14, -5/84 HPs)
             Began as a Vine Stalker Assassin on Dec 12, 2018.
             Was a Follower of Uskayaw.
             Slain by a wolf (6 damage)
             ... on level 6 of the Lair of Beasts on Dec 13, 2018.
             The game lasted 00:48:40 (14988 turns).

Firecrotchwizard the Fighter (VSAs)                Turns: 14988, Time: 00:48:40

Health: -5/84      AC: 18    Str: 20    XL:     14   Next: 29%
Magic:  0/24       EV: 13    Int: 11    God:    Uskayaw [*.....]
Gold:   1166       SH:  0    Dex: 21    Spells: 11/13 levels left

rFire    . . .     SeeInvis +   a - +4 dagger (drain)
rCold    . . .     Gourm    .   (no shield)
rNeg     . . .     Faith    .   y - quicksilver dragon scales
rPois    .         Spirit   +   m - +2 helmet
rElec    .         Reflect  .   d - +2 cloak
rCorr    .         Harm     .   v - +0 pair of gloves (curse)
MR       ++...                  (no boots)
Stlth    ++++......             (no amulet)
HPRegen  1.04/turn              M - ring of see invisible {sInv, !d}
MPRegen  0.19/turn              S - +6 ring of strength

@: no status effects
A: fangs 3, regeneration 2, magic shield, antimagic bite, no potion heal 3, rot
immunity
a: Stomp, Renounce Religion


You were on level 6 of the Lair of Beasts.
You worshipped Uskayaw.
Uskayaw was pleased with you.
You were not hungry.

You visited 3 branches of the dungeon, and saw 18 of its levels.

You collected 1166 gold pieces.

Inventory:

Hand Weapons
 a - a +4 dagger of draining (weapon)
 b - a +0 blowgun
Missiles
 e - 77 poisoned needles
 f - 2 curare-tipped needles
 j - 3 throwing nets {=f, !d}
 L - 7 needles of confusion
Armour
 d - a +2 cloak (worn)
 m - a +2 helmet (worn)
   (You found it on level 1 of the Dungeon)
 v - a cursed +0 pair of gloves (worn)
   (You found it on level 9 of the Dungeon)
 y - quicksilver dragon scales (worn)
   (You found it on level 4 of the Dungeon)
Jewellery
 t - the ring "Vesoatt" {Wiz *Drain rC+++ Str-5 Slay+4}
   (You took it off a centaur on level 10 of the Dungeon)

   [ring of wizardry]

   It improves your spell success rate.
   It affects your strength (-5).
   It affects your accuracy and damage with ranged weapons and melee attacks
   (+4).
   It renders you almost immune to cold.
   It causes draining when unequipped.
 H - an uncursed ring of protection from cold {rC+, !d}
   (You took it off a crimson imp on level 6 of the Dungeon)
 J - a +2 ring of dexterity
   (You found it on level 7 of the Dungeon)
 K - an uncursed ring of flight {+Fly, !d}
   (You found it on level 9 of the Dungeon)
 M - a ring of see invisible (left hand) {sInv, !d}
   (You found it on level 1 of the Lair of Beasts)
 S - a +6 ring of strength (right hand)
   (You found it on level 4 of the Lair of Beasts)
Wands
 x - a wand of iceblast (3)
   (You found it on level 4 of the Dungeon)
 D - a wand of acid (5)
   (You found it on level 8 of the Dungeon)
 E - a wand of paralysis (16)
   (You found it on level 9 of the Dungeon)
 I - a wand of disintegration (14)
   (You found it on level 1 of the Lair of Beasts)
 O - a wand of polymorph (13)
   (You found it on level 4 of the Lair of Beasts)
 P - a wand of scattershot (3)
   (You found it on level 4 of the Lair of Beasts)
Scrolls
 c - 3 scrolls of fog
 h - 4 scrolls of teleportation
 k - 5 scrolls of identify
 p - 5 scrolls of remove curse
 q - 3 scrolls of amnesia
 r - 2 scrolls of fear
 s - 5 scrolls of blinking {!r}
 u - 5 scrolls of magic mapping {!r}
Potions
 i - 9 potions of heal wounds
 l - 4 potions of flight
 o - 3 potions of degeneration {!q}
 w - 6 potions of curing
 z - 2 potions of resistance
 A - 4 potions of berserk rage {!q}
 B - a potion of ambrosia {unknown}
 C - 5 potions of might
 F - a potion of agility
 G - a potion of brilliance
 N - a potion of mutation {unknown}
 Q - a potion of cancellation
 R - 2 potions of haste {unknown}
Comestibles
 g - 35 rations


   Skills:
 + Level 14.4 Fighting
 - Level 10.0 Short Blades
 - Level 1.7 Throwing
 - Level 5.2 Armour
 + Level 3.6 Dodging
 - Level 9.9 Stealth
 - Level 12.0 Invocations


You had 11 spell levels left.
You knew the following spells:

 Your Spells              Type           Power        Failure   Level  Hunger
s - Swiftness             Chrm/Air       #.......     65%         2    ###....

Your spell library contained the following spells:

 Spells                   Type           Power        Failure   Level  Hunger
 Corona                   Hex            #......      50%         1    ##.....
 Magic Dart               Conj           #...         50%         1    ##.....
 Sandblast                Erth           #.....       50%         1    ##.....
 Shock                    Conj/Air       #...         50%         1    ##.....
 Sting                    Conj/Pois      #...         50%         1    ##.....
 Passwall                 Tmut/Erth      #.......     65%         2    ###....
 Poisonous Vapours        Pois/Air       #.....       65%         2    ###....
 Searing Ray              Conj           #.....       65%         2    ###....
 Slow                     Hex            #.......     65%         2    ###....
 Dazzling Spray           Conj/Hex       #.....       86%         3    ####...
 Ignite Poison            Fire/Tmut/Pois #.......     86%         3    ####...
 Inner Flame              Hex/Fire       #.......     86%         3    ####...
 Mephitic Cloud           Conj/Pois/Air  #.......     86%         3    ####...
 Portal Projectile        Hex/Tloc       #.....       86%         3    ####...
 Spider Form              Tmut/Pois      #.........   86%         3    ####...
 Static Discharge         Conj/Air       #.......     86%         3    ####...
 Stone Arrow              Conj/Erth      #.....       86%         3    ####...
 Airstrike                Air            #.........   99%         4    #####..
 Cause Fear               Hex            #.........   99%         4    #####..
 Force Lance              Conj/Tloc      #.......     99%         4    #####..
 Fulminant Prism          Conj/Hex       #.........   99%         4    #####..
 Iskenderun's Mystic Bla  Conj           #.......     99%         4    #####..
 Leda's Liquefaction      Hex/Erth       #.........   99%         4    #####..
 Olgreb's Toxic Radiance  Pois           #.......     99%         4    #####..
 Petrify                  Tmut/Erth      #.......     99%         4    #####..
 Summon Lightning Spire   Summ/Air       #.......     99%         4    #####..
 Fireball                 Conj/Fire      #.........   100%        5    ######.
 Lee's Rapid Deconstruct  Erth           #.........   100%        5    ######.
 Lightning Bolt           Conj/Air       #.........   100%        5    ######.
 Venom Bolt               Conj/Pois      #.........   100%        5    ######.
 Bolt of Fire             Conj/Fire      #.........   100%        6    #######
 Deflect Missiles         Chrm/Air       #.........   100%        6    #######
 Ring of Flames           Chrm/Fire      #.........   100%        7    #######
 Ignition                 Fire           #.........   100%        8    #######
 Tornado                  Air            #.........   100%        9    #######


Dungeon Overview and Level Annotations

Branches:
Dungeon (11/15)            Temple (1/1) D:5            Lair (6/6) D:11
 Shoals (0/4) Lair:3       Spider (0/4) Lair:2
  Slime: Lair:5-6       Orc: D:9-12

Altars:
Ashenzari
Cheibriados
Dithmenos
Fedhas
Gozag
Hepliaklqana
Kikubaaqudgha
Makhleb
Nemelex Xobeh
Qazlal
Sif Muna
Trog
Uskayaw
Vehumet
Xom
Yredelemnul
The Shining One
Lugonu

Portals:
Trove: D:11 (show abyssal rune of Zot)

Annotations:
D:2 exclusion: upstairs
D:7 2 transporters, Galileo's ghost, novice DsGl
D:8 exclusions: 4 centaurs and 4 more exclusions
Lair:3 exclusion: Fannar, Fannar


Innate Abilities, Weirdness & Mutations

You have razor-sharp teeth.
You heal very quickly.
When hurt, damage is shared between your health and your magic reserves.
Your bite disrupts and absorbs the magic of your enemies.
Potions cannot restore your health.
You are immune to rotting.


Message History

MP restored: 24 You barely miss the wolf.
Your bite misses the wolf.
You feel sick. The wolf bites you.
The spriggan hits you with a +2 dagger of venom.
You are more poisoned.
The boggart gestures wildly while chanting.
The wolf bites you.
You take 9 damage, and have 56/84 hp.
You now have 21/24 mp.
The wolf appears confused.
The spriggan appears confused.
The boggart appears confused.
The water moccasin appears confused.
You feel somewhat more hungry.
You feel very sick.
The boggart is no longer sharing its pain.
The wolf bites the spriggan.
The spriggan hits the yak with a +0 dagger!
The spriggan hits itself but does no damage.
The polar bear bites you but does no damage.
The polar bear closely misses you. The polar bear completely misses you.
The water moccasin closely misses you.
The boggart hits the water moccasin.
The black mamba bites you but does no damage.
You take 2 damage, and have 54/84 hp.
You now have 18/24 mp.
You hit the water moccasin. You bite the water moccasin! You drain its power.
You feel sick.
The wolf misses the spriggan.
The polar bear bites you! The polar bear barely misses you.
The polar bear misses you. The black mamba misses you.
The water moccasin bites the boggart!
The boggart misses the wolf.
The boggart hits itself.
You take 10 damage, and have 44/84 hp.
You now have 15/24 mp.
Aim: a boggart (severely wounded, confused, slightly transparent)
The boggart explodes violently!
The spriggan is hit by a flying piece of the boggart!
You blow up the boggart!
The seven-headed hydra dissolves into shadows!
The black mamba dissolves into shadows!
The water moccasin dissolves into shadows!
You can no longer merge with and destroy a victim.
You feel a lot more hungry.
You feel very sick. The wolf bites you but does no damage. The wolf bites you.
The polar bear closely misses you. x2; The polar bear barely misses you. x2
The polar bear closely misses you.
The polar bear claws you but does no damage.
The yak gores you!
The wolf bites the spriggan but does no damage.
The spriggan completely misses you. The wolf barely misses you.
The spriggan hits you but does no damage.
You are more poisoned.
The wolf misses you.
You take 12 damage, and have 32/84 hp.
You now have 5/24 mp.
You barely miss the wolf. Your bite misses the wolf.
You feel sick.
The polar bear closely misses you. x2; The polar bear misses you.
The wolf closely misses the wolf.
The polar bear barely misses you. The polar bear misses you.
The polar bear claws you but does no damage.
The yak gores you. The wolf bites you.
You take 5 damage, and have 27/84 hp.
You closely miss the wolf. Your bite misses the wolf.
You feel sick.
The wolf seems less confused.
The spriggan seems less confused.
The wolf barely misses you. The polar bear misses you.
The polar bear barely misses you. The polar bear closely misses you.
The spriggan hits you but does no damage.
The spriggan misses you.
You take 2 damage, and have 25/84 hp.
You closely miss the wolf. You bite the wolf.
You kill the wolf!
You feel sick. The wolf closely misses you. The polar bear bites you.
* * * LOW HITPOINT WARNING * * *
The polar bear barely misses you.
The polar bear claws you but does no damage.
The polar bear misses you. The polar bear barely misses you.
The polar bear misses you. The yak misses you.
You take 2 damage, and have 23/84 hp.
You now have 4/24 mp.
You hit the wolf. Your bite misses the wolf.
You feel sick. The wolf barely misses you.
The spriggan hits you but does no damage.
The spriggan closely misses you. The wolf bites you but does no damage.
The polar bear closely misses you.
The polar bear claws you but does no damage.
The polar bear barely misses you.
You take 2 damage, and have 21/84 hp.
You miss the wolf. You bite the wolf.
You kill the wolf!
You feel sick. The wolf misses you. The polar bear misses you.
The polar bear closely misses you.
The polar bear claws you but does no damage.
The yak gores you!
* * * LOW HITPOINT WARNING * * *
You take 9 damage, and have 12/84 hp.
You now have 2/24 mp.
Your system rejects the healing.
You feel better. The polar bear closely misses you.
The polar bear barely misses you.
The polar bear claws you but does no damage.
The wolf bites you but does no damage. The spriggan closely misses you.
The spriggan barely misses you. The polar bear completely misses you.
The polar bear misses you. The polar bear closely misses you.
The polar bear bites you!
* * * LOW HITPOINT WARNING * * *
The polar bear claws you.
* * * LOW HITPOINT WARNING * * *
The polar bear claws you but does no damage.
The wolf bites you.
You die...

.........P.#..♣♣
..........P..♣♣ .♣
..........P...♣ ..♣♣♣
..P...........♣ ....
...#.....#...♣♣ ♣...
..#....###...♣♣ ..♣
.......##.(...♣♣♣♣♣..♣
P.<.....###♣♣.††h♣†.♣
##......# ♣♣.i@h.♣
P.#.P### ♣♣hYi.♣
####### ♣♣...†♣
♣♣♣♣...♣ ♣♣.... ♣♣♣♣


You could see 2 polar bears, a yak, 2 spriggans and a wolf.

Vanquished Creatures
  2 hydras
  2 centaur warriors
  2 two-headed ogres
  17 death yaks
  A skeletal warrior (D:10)
  3 ugly things
  2 manticores (D:11)
  2 black mambas
  Joseph (D:9)
  A centaur zombie (D:11)
  A gargoyle (D:10)
  12 spiny frogs
  4 komodo dragons
  A komodo dragon (shapeshifter) (D:10)
  A rime drake (Lair:4)
  A troll (D:10)
  4 polar bears (Lair:6)
  4 hippogriffs
  9 blink frogs
  A snapping turtle (Lair:3)
  A wraith (D:9)
  45 yaks
  6 wyverns
  A hungry ghost (D:9)
  Grum (D:10)
  3 basilisks
  A soldier ant (D:11)
  A water moccasin (shapeshifter) (D:10)
  3 sky beasts
  7 porcupines
  11 water moccasins
  3 orc warriors
  2 ice beasts (D:10)
  2 black bears
  4 ogres
  4 phantoms
  A boggart (Lair:6)
  2 centaurs
  17 wolves
  9 crocodiles
  A big kobold (D:10)
  9 bullfrogs
  A gnoll sergeant (D:10)
  5 scorpions
  12 killer bees
  4 howler monkeys
  4 crimson imps
  2 bullfrog zombies
  A hound (D:8)
  A quasit (D:7)
  3 centaur skeletons
  6 orc priests
  A jelly (D:9)
  10 orc wizards
  2 bullfrog skeletons
  Jessica (D:3)
  2 iguanas
  14 worker ants
  A hound skeleton (D:11)
  10 adders
  7 gnolls
  2 shadow imps (D:10)
  2 oozes
  2 adder skeletons
  6 dart slugs (D:1)
  4 leopard geckos
  35 orcs
  3 ball pythons
  8 bats
  9 giant cockroaches
  8 goblins
  11 hobgoblins
  10 jackals
  5 quokkas
  A ball python skeleton (D:5)
  15 frilled lizards
  9 kobolds
  2 quokka skeletons
  4 rats
428 creatures vanquished.

Vanquished Creatures (others)
  A yak (Lair:6)
  3 fungi
  2 plants (Lair:3)
6 creatures vanquished.

Grand Total: 434 creatures vanquished

Notes
Turn   | Place    | Note
-------+----------+-------------------------------------------
     0 | D:1      | Firecrotchwizard the Vine Stalker Assassin began the quest
                  | for the Orb.
     0 | D:1      | Reached XP level 1. HP: 11/11 MP: 2/2
   134 | D:1      | Reached skill level 2 in Short Blades
   149 | D:1      | Reached skill level 5 in Stealth
   149 | D:1      | Reached XP level 2. HP: 15/15 MP: 3/3
   161 | D:1      | Reached skill level 2 in Fighting
   561 | D:1      | Reached XP level 3. HP: 16/18 MP: 4/4
  1570 | D:2      | Gained mutation: Your natural rate of healing is unusually
                  | fast. [Vine Stalker growth]
  1570 | D:2      | Reached XP level 4. HP: 7/23 MP: 5/5
  1657 | D:2      | Reached skill level 3 in Short Blades
  1799 | D:2      | Found a blossoming altar of Fedhas.
  2255 | D:3      | Noticed Jessica
  2259 | D:3      | Killed Jessica
  2259 | D:3      | Reached XP level 5. HP: 27/27 MP: 6/6
  2300 | D:3      | Found a hazy altar of Hepliaklqana.
  2301 | D:3      | Found a shimmering altar of Xom.
  2301 | D:3      | Noticed a thorn hunter
  2302 | D:3      | Noticed a thorn hunter
  2302 | D:3      | Noticed a spectral ugly thing
  2597 | D:3      | HP: 5/28 [worker ant (5)]
  2599 | D:3      | Reached skill level 6 in Fighting
  2599 | D:3      | Reached skill level 8 in Short Blades
  2599 | D:3      | Reached skill level 9 in Stealth
  2599 | D:3      | Reached XP level 6. HP: 7/36 MP: 1/7
  2606 | D:3      | HP: 13/54 [poisoned by a worker ant]
  2613 | D:3      | HP: 11/54 [poisoned by a worker ant]
  2619 | D:3      | HP: 6/54 [worker ant (3)]
  2720 | D:4      | Found a glowing drain.
  2773 | D:4      | Found a shattered altar of Ashenzari.
  2794 | D:4      | Reached XP level 7. HP: 26/40 MP: 8/8
  3063 | D:4      | Reached skill level 9 in Short Blades
  3328 | D:4      | You fall through a shaft!
  3328 | D:5      | Entered Level 5 of the Dungeon
  3452 | D:5      | Gained mutation: You have razor-sharp teeth. [Vine Stalker
                  | growth]
  3452 | D:5      | Reached XP level 8. HP: 45/45 MP: 9/9
  3807 | D:5      | Identified the Grimoire of the Nocuous Birds
  3833 | D:5      | Found a staircase to the Ecumenical Temple.
  3838 | Temple   | Entered the Ecumenical Temple
  3855 | Temple   | Became a worshipper of Uskayaw the Reveler
  4105 | D:6      | Found a snail-covered altar of Cheibriados.
  4106 | D:6      | Reached * piety under Uskayaw
  4161 | D:6      | Reached ** piety under Uskayaw
  4183 | D:6      | Got a pitted ring mail
  4292 | D:6      | Found a stormy altar of Qazlal.
  4357 | D:6      | Reached skill level 7 in Fighting
  4363 | D:6      | Reached *** piety under Uskayaw
  4400 | D:6      | HP: 11/46 [orc wizard/magic dart (4)]
  4625 | D:6      | Reached XP level 9. HP: 49/50 MP: 10/10
  4792 | D:6      | Reached skill level 10 in Short Blades
  4978 | D:7      | Reached skill level 1 in Invocations
  5082 | D:7      | Reached skill level 2 in Invocations
  5082 | D:7      | Reached **** piety under Uskayaw
  5129 | D:7      | Found a transporter.
  5130 | D:7      | Noticed Galileo's ghost (novice DsGl)
  5239 | D:7      | Found a bloodstained altar of Trog.
  5268 | D:7      | You fall through a shaft for 3 floors!
  5268 | D:10     | Entered Level 10 of the Dungeon
  5369 | D:9      | Found a shattered altar of Ashenzari.
  5393 | D:9      | Reached skill level 3 in Invocations
  5434 | D:8      | Found a shadowy altar of Dithmenos.
  5692 | D:8      | Noticed a two-headed ogre
  5695 | D:8      | Killed a two-headed ogre
  5695 | D:8      | Reached skill level 8 in Fighting
  5695 | D:8      | Reached skill level 4 in Invocations
  5695 | D:8      | Reached XP level 10. HP: 56/56 MP: 12/14
  5895 | D:7      | You fall through a shaft!
  5926 | D:7      | Found a transporter.
  6127 | D:7      | Found a burning altar of Makhleb.
  6234 | D:8      | Noticed a centaur warrior
  6261 | D:8      | Killed a centaur warrior
  6261 | D:8      | Reached skill level 5 in Invocations
  6354 | D:7      | meem: I am meem, an upgrade of beem built by MalcolmRose
                  | (check out Malcolm's DCSS vids and other projects at
                  | http://youtube.com/malcolmrosegaming). To have me follow
                  | you in your games, type !subscribemeem - to make me go away
                  | forever, type !quitmeem - For help, type: !meem
  6757 | D:9      | Identified the +3 ring mail "Ogiuw" {+Fly rElec MP+9 Int-2}
                  | (You found it on level 6 of the Dungeon)
  6844 | D:9      | Reached skill level 9 in Fighting
  6845 | D:9      | HP: 10/58 [yak (7)]
  6850 | D:9      | HP: 6/58 [wraith (3)]
  6954 | D:9      | Noticed Joseph
  7022 | D:9      | HP: 14/58 [orc warrior/+0 dire flail (9)]
  7027 | D:9      | HP: 12/58 [orc warrior/+0 dire flail (3)]
  7028 | D:9      | Reached skill level 6 in Invocations
  7562 | D:9      | Found an ancient bone altar of Kikubaaqudgha.
  7614 | D:9      | Found a glowing golden altar of the Shining One.
  7616 | D:9      | Noticed an angel
  7628 | D:9      | Found a basalt altar of Yredelemnul.
  7630 | D:9      | Noticed a profane servitor
  7750 | D:9      | Found a deep blue altar of Sif Muna.
  7896 | D:10     | Noticed a gargoyle
  7926 | D:10     | Reached XP level 11. HP: 59/62 MP: 15/17
  7939 | D:10     | Noticed a catoblepas
  7951 | D:10     | Noticed a two-headed ogre
  7958 | D:10     | Reached ***** piety under Uskayaw
  8187 | D:10     | Reached skill level 7 in Invocations
  8319 | D:10     | Noticed Grum
  8348 | D:10     | Killed Grum
  8441 | D:10     | Killed a two-headed ogre
  8441 | D:10     | Reached skill level 10 in Fighting
  8479 | D:10     | Noticed a skeletal warrior
  8479 | D:10     | Noticed a brown ugly thing
  8481 | D:10     | Identified the +2 scimitar of Pyromania {holy, rC+ Dex+3}
  8524 | D:9      | Killed Joseph
  8698 | D:10     | Noticed a white ugly thing
  8716 | D:9      | HP: 15/63 [acid (7)]
  8719 | D:9      | Killed a brown ugly thing
  8719 | D:9      | Reached skill level 8 in Invocations
  8927 | D:10     | Identified the cursed +3 mace of the Real Monster {flame,
                  | +Blink +Inv rC+ Dex-5}
  8927 | D:10     | Identified the ring "Vesoatt" {Wiz *Drain rC+++ Str-5
                  | Slay+4}
  8928 | D:10     | Noticed a centaur warrior
  8939 | D:10     | Killed a centaur warrior
  9158 | D:10     | Killed a white ugly thing
  9433 | D:11     | Noticed a death yak
  9433 | D:11     | Noticed a death yak
  9451 | D:11     | Killed a death yak
  9451 | D:11     | Reached skill level 9 in Invocations
  9451 | D:11     | Noticed a death yak
  9479 | D:10     | Killed a death yak
  9479 | D:10     | Reached skill level 11 in Fighting
  9561 | D:11     | Gained mutation: You heal very quickly. [Vine Stalker
                  | growth]
  9561 | D:11     | Reached XP level 12. HP: 70/70 MP: 20/20
  9711 | D:10     | Killed a death yak
  9753 | D:11     | Reached skill level 10 in Invocations
  9975 | D:11     | Found a staircase to the Lair.
 10046 | D:11     | Found a portal to a secret trove of treasure.
 10316 | Lair:1   | Entered Level 1 of the Lair of Beasts
 10320 | Lair:1   | meem: I am meem, an upgrade of beem built by MalcolmRose
                  | (check out Malcolm's DCSS vids and other projects at
                  | http://youtube.com/malcolmrosegaming). To have me follow
                  | you in your games, type !subscribemeem - to make me go away
                  | forever, type !quitmeem - For help, type: !meem
 10392 | Lair:1   | You fall through a shaft!
 10693 | Lair:1   | Reached skill level 12 in Fighting
 11138 | Lair:1   | Reached skill level 11 in Invocations
 11348 | Lair:2   | Found a hole to the Spider Nest.
 11702 | Lair:3   | Noticed a death yak
 11762 | Lair:3   | Noticed a death yak
 12269 | Lair:3   | Noticed a death yak
 12294 | Lair:3   | Killed a death yak
 12294 | Lair:3   | Reached XP level 13. HP: 57/76 MP: 20/22
 12382 | Lair:3   | Reached ****** piety under Uskayaw
 12458 | Lair:3   | Noticed Fannar
 12489 | Lair:3   | Found a staircase to the Shoals.
 12724 | Lair:3   | Reached skill level 12 in Invocations
 12889 | Lair:4   | Reached skill level 13 in Fighting
 12889 | Lair:4   | Reached skill level 1 in Armour
 12934 | Lair:4   | Identified the Papyrus of Flight and Venom
 13072 | Lair:4   | Reached skill level 2 in Armour
 13454 | Lair:4   | Reached skill level 3 in Armour
 13558 | Lair:4   | You fall through a shaft for 2 floors!
 13558 | Lair:6   | Entered Level 6 of the Lair of Beasts
 13706 | Lair:6   | Reached skill level 4 in Armour
 13940 | Lair:5   | Reached skill level 5 in Armour
 14113 | Lair:5   | Reached skill level 1 in Dodging
 14121 | Lair:5   | Reached XP level 14. HP: 82/83 MP: 22/24
 14129 | Lair:5   | Reached skill level 14 in Fighting
 14299 | Lair:5   | Reached skill level 2 in Dodging
 14329 | Lair:5   | Reached skill level 3 in Dodging
 14682 | Lair:5   | Learned a level 2 spell: Swiftness
 14986 | Lair:6   | HP: 21/84 [poisoned by a spriggan]
 14988 | Lair:6   | HP: 2/84 [polar bear (11)]
 14988 | Lair:6   | Slain by a wolf

Vault maps used:
D:1:      kilobyte_arrival_exit_the_forest, minmay_misc_feat_roman,
          minmay_lizard_pond
D:2:      tgw_fedhas, first_ration
D:3:      regret_index_temple_of_mockery, uniq_jessica
D:4:      ashenzari_conservatory_becter, cheibrodos_sewer_entry_drain,
          due_unseen_surprise
D:5:      minmay_temple_entry_sparse_star
D:6:      kennysheep_mini_moat, cheibriados_altar_1
D:7:      lemuel_crystal_altar, old_standard_altar, gammafunk_ghost_mausoleum,
          grunt_ogre_cave
D:8:      lemuel_coloured_pillars_altar, chequers_serial_rivers_large_b,
          centaur_isle
D:9:      grunt_temple_overflow_holy_war, overflow_temple_1_default, tgw_sif,
          basic_altar, enter_bailey_2, uniq_joseph
D:10:     minmay_cut_squares, minmay_misc_feat_rugged, kennysheep_nondescript,
          uniq_grum
D:11:     dpeg_lair_monsters, serial_glass, glass_columns_b, glass_columns_c,
          glass_columns_a, glass_columns_a, glass_columns_a, glass_columns_a,
          nicolae_trove_entry_free_sample
Temple:   kb_corrupted_temple
Lair:1:   infiniplex_staircase_pool
Lair:2:   spider_nest_entry_web_field
Lair:3:   minmay_shoals_entry_hut, grunt_megastairs_5, lemuel_fruit_tree,
          uniq_fannar
Lair:4:   grunt_megastairs_3, serial_bayou_shore_a
Lair:5:   minmay_stone_trees_medium, beast_lair_carwin_4, grunt_megastairs_1
Lair:6:   minmay_lair_end_enchanted_forest, nicolae_slime_entry_slimehenge,
          kennysheep_basilisk_garden, infiniplex_staircase_pool_2

Skill      XL: |  1  2  3  4  5  6  7  8  9 10 11 12 13 14 |
---------------+-------------------------------------------+-----
Short Blades   | 2 3 8 9 10 | 10.0
Stealth        | 5 9 |  9.9
Fighting       | 2 6 7 8 9 11 12 13 14 | 14.4
Invocations    | 4 6 9 11 12 | 12.0
Armour         | 5 |  5.2
Dodging        | 1 3 |  3.6
Throwing       | |  1.7

Action                   |  1- 3 |  4- 6 |  7- 9 | 10-12 | 13-15 || total
-------------------------+-------+-------+-------+-------+-------++-------
Melee: Dagger            |   111 |   184 |   391 |   717 |   457 ||  1860
       Bite              |    29 |    39 |   143 |   294 |   222 ||   727
Invok: Line Pass         |       |       |     2 |       |     1 ||     3
       Stomp             |       |       |       |     3 |     3 ||     6
       Grand Finale      |       |       |       |     1 |     2 ||     3
Evoke: Wand              |       |       |     2 |     9 |     3 ||    14
  Use: Potion            |       |     3 |       |     1 |     1 ||     5
       Scroll            |       |       |    13 |    12 |     5 ||    30
 Stab: Sleeping          |     9 |    10 |    28 |    17 |    10 ||    74
       Paralysed         |       |       |    10 |    42 |    32 ||    84
       Distracted        |       |       |     1 |     5 |     1 ||     7
       Confused          |       |       |     2 |       |       ||     2
  Eat: Chunk             |     2 |     4 |     9 |    10 |     7 ||    32
       Ration            |       |       |     1 |     4 |     1 ||     6
Armor: Robe              |    16 |       |       |       |       ||    16
       Ring mail         |       |    75 |    37 |       |       ||   112
       Skin              |       |    12 |       |       |       ||    12
       Quicksilver drago |       |       |    86 |   205 |   154 ||   445
Dodge: Dodged            |    46 |    97 |   107 |   221 |   192 ||   663

Table legend:
 A = Non-vault XP
 B = Vault XP
 C = Vault XP percentage of total XP
 D = Non-vault monster count
 E = Vault monster count
 F = Vault count percentage of total count
                 A         B        C        D         E       F
            +---------+---------+-------+---------+---------+-------
      Total |   46382 |   17252 |  27.1 |     368 |      60 |  14.0
            +---------+---------+-------+---------+---------+-------
        D:1 |      66 |       7 |   9.6 |      31 |       7 |  18.4
        D:2 |      52 |       0 |   0.0 |      17 |       0 |   0.0
        D:3 |     160 |      37 |  18.8 |      27 |       1 |   3.6
        D:4 |     372 |       4 |   1.1 |      20 |       2 |   9.1
        D:5 |     599 |       0 |   0.0 |      12 |       0 |   0.0
        D:6 |    1008 |       0 |   0.0 |      30 |       0 |   0.0
        D:7 |     841 |     118 |  12.3 |      12 |       1 |   7.7
        D:8 |    2907 |       0 |   0.0 |      18 |       0 |   0.0
        D:9 |    3472 |     466 |  11.8 |      33 |       1 |   2.9
       D:10 |    1388 |    6837 |  83.1 |      34 |      17 |  33.3
       D:11 |    3931 |    1695 |  30.1 |      22 |       5 |  18.5
     Lair:1 |    4358 |       0 |   0.0 |      18 |       0 |   0.0
     Lair:2 |    1890 |       0 |   0.0 |       9 |       0 |   0.0
     Lair:3 |    5701 |     753 |  11.7 |      15 |       3 |  16.7
     Lair:4 |    5604 |    1130 |  16.8 |      29 |       5 |  14.7
     Lair:5 |    9526 |    4391 |  31.6 |      26 |       8 |  23.5
     Lair:6 |    4507 |    1814 |  28.7 |      15 |      10 |  40.0
            +---------+---------+-------+---------+---------+-------

Vault maps used:
D:1:      kilobyte_arrival_exit_the_forest, minmay_misc_feat_roman,
          minmay_lizard_pond
D:2:      tgw_fedhas, first_ration
D:3:      regret_index_temple_of_mockery, uniq_jessica
D:4:      ashenzari_conservatory_becter, cheibrodos_sewer_entry_drain,
          due_unseen_surprise
D:5:      minmay_temple_entry_sparse_star
D:6:      kennysheep_mini_moat, cheibriados_altar_1
D:7:      lemuel_crystal_altar, old_standard_altar, gammafunk_ghost_mausoleum,
          grunt_ogre_cave
D:8:      lemuel_coloured_pillars_altar, chequers_serial_rivers_large_b,
          centaur_isle
D:9:      grunt_temple_overflow_holy_war, overflow_temple_1_default, tgw_sif,
          basic_altar, enter_bailey_2, uniq_joseph
D:10:     minmay_cut_squares, minmay_misc_feat_rugged, kennysheep_nondescript,
          uniq_grum
D:11:     dpeg_lair_monsters, serial_glass, glass_columns_b, glass_columns_c,
          glass_columns_a, glass_columns_a, glass_columns_a, glass_columns_a,
          nicolae_trove_entry_free_sample
Temple:   kb_corrupted_temple
Lair:1:   infiniplex_staircase_pool
Lair:2:   spider_nest_entry_web_field
Lair:3:   minmay_shoals_entry_hut, grunt_megastairs_5, lemuel_fruit_tree,
          uniq_fannar
Lair:4:   grunt_megastairs_3, serial_bayou_shore_a
Lair:5:   minmay_stone_trees_medium, beast_lair_carwin_4, grunt_megastairs_1
Lair:6:   minmay_lair_end_enchanted_forest, nicolae_slime_entry_slimehenge,
          kennysheep_basilisk_garden, infiniplex_staircase_pool_2

Table legend:
 A = Turns spent in this place as a percentage of turns spent in the entire game.
 B = Non-inter-level travel turns spent in this place as a percentage of non-inter-level travel turns spent in the entire game.
 C = Inter-level travel turns spent in this place as a percentage of turns spent in this place.
 D = Turns resting spent in this place as a percentage of non-inter-level travel turns spent in this place.
 E = Turns spent auto-exploring this place as a percentage of non-inter-level travel turns spent in this place.
 F = Non-inter-level travel turns spent in this place divided by the number of levels of this place that you've seen.
                   A       B       C       D       E      F
               +-------+-------+-------+-------+-------+----------------------
         Total | 100.0 | 100.0 |   4.5 |  17.2 |  54.9 | 795.3
       Dungeon |  68.6 |  68.5 |   4.7 |  19.3 |  52.1 | 890.8
        Temple |   0.2 |   0.1 |  48.6 |   0.0 |  55.6 |  18.0
          Lair |  31.2 |  31.4 |   3.7 |  12.4 |  61.0 | 749.7
               +-------+-------+-------+-------+-------+----------------------

Table legend:
 A = Kills in this place as a percentage of kills in entire the game.
 B = Kills by you in this place as a percentage of kills by you in the entire game.
 C = Kills by friends in this place as a percentage of kills by friends in the entire game.
 D = Other kills in this place as a percentage of other kills in the entire game.
 E = Experience gained in this place as a percentage of experience gained in the entire game.
 F = Experience gained in this place divided by the number of levels of this place that you have seen.
                   A       B       C       D       E      F
               +-------+-------+-------+-------+-------+----------------------
         Total | 100.0 | 100.0 |   N/A |   N/A | 100.0 | 3535.2
       Dungeon |  67.8 |  67.8 |   N/A |   N/A |  37.7 | 2178.2
          Lair |  32.2 |  32.2 |   N/A |   N/A |  62.3 | 6612.3
               +-------+-------+-------+-------+-------+----------------------
